 Dungeon Crawl Stone Soup version 0.28-a0-932-g843f935a50 (webtiles) character file.

Game seed: 6895490579057460488

87 croobank the Insei (level 4, -1/28 HPs)
             Began as an Octopode Transmuter on Nov 28, 2021.
             Slain by Crazy Yiuf (11 damage)
             ... on level 2 of the Dungeon.
             The game lasted 00:08:45 (2748 turns).

croobank the Insei (Octopode Transmuter)            Turns: 2748, Time: 00:08:45

Health: -1/28      AC:  1    Str: 10    XL:     4   Next: 51%
Magic:  4/7        EV: 13    Int: 15    God:
Gold:   64         SH:  0    Dex: 12    Spells: 2/8 levels left

rFire   . . .      SeeInvis .   a - +0 short sword (speed)
rCold   . . .      Faith    .   (no shield)
rNeg    . . .      Spirit   .   (helmet currently unavailable)
rPois   .          Reflect  .   (no amulet)
rElec   .          Harm     .   (no ring)
rCorr   .          Rampage  .   (no ring)
Will    .....                   (no ring)
Stlth   +++.......              (no ring)
HPRegen 0.09/turn               (no ring)
MPRegen 0.10/turn               (no ring)
                                (no ring)
                                (no ring)

@: mighty, appendages, wereblooded
A: tentacle spike 3, almost no armour, amphibious, 8 rings, camouflage 1,
gelatinous body 1, (nimble swimmer 1), tentacles
a: End Transformation


You were on level 2 of the Dungeon.
One of your tentacles had grown a beastly spike.
You visited 1 branch of the dungeon, and saw 2 of its levels.

You collected 64 gold pieces.

Inventory:

Hand Weapons
 a - a +0 short sword of speed (weapon)
 b - a +0 hunting sling
 c - a +0 mace
 d - a +0 hand axe
 j - a +1 dagger of speed
Missiles
 g - 5 boomerangs
 i - 11 arrows
 k - 172 stones
Scrolls
 h - a scroll of noise {unknown}
Potions
 f - a potion of brilliance {unknown}


   Skills:
 - Level 1.0 Fighting
 * Level 1.6 Short Blades
 - Level 2.0 Dodging
 - Level 1.0 Stealth
 - Level 3.5 Unarmed Combat
 + Level 2.6 Spellcasting
 + Level 2.9 Transmutations


You had 2 spell levels left.
You knew the following spells:

 Your Spells              Type           Power      Damage    Failure   Level
a - Beastly Appendage     Tmut           20%        N/A       6%          1
b - Wereblood             Tmut           10%        N/A       10%         2
c - Spider Form           Tmut/Pois      6%         N/A       34%         3

Your spell library contained the following spells:

 Spells                   Type           Power      Damage    Failure   Level
 Ice Form                 Ice/Tmut       6%         N/A       75%         4


Dungeon Overview and Level Annotations

Branches:
Dungeon (2/15)

Altars:

Annotations:
D:2 Crazy Yiuf


Innate Abilities, Weirdness & Mutations

One of your tentacles has grown a beastly spike.
You cannot wear most types of armour.
You are amphibious.
You can wear up to eight rings at the same time.
Your skin changes colour to match your surroundings (Stealth+).
Your rubbery body absorbs attacks. (AC +1, EV +1)
((You are camouflaged near water. (Stealth+)))
You have tentacles for arms and can constrict up to eight enemies at once.


Message History

You barely miss the quokka.
You pierce the quokka.
The quokka is heavily wounded.
Your transformation is almost over.
You constrict the quokka. The quokka barely misses you.
You barely miss the quokka.
You pierce the quokka.
You kill the quokka!
You see here a quokka corpse.
You now have 56 gold pieces (gained 9).
Your tentacle spike disappears.
You see here a quokka corpse.
HP restored.
You now have 64 gold pieces (gained 8).
Found a stone staircase leading up.
A rat comes into view.
The rat misses you.
You closely miss the rat. You grab the rat. You squeeze the rat.
You kill the rat!
Found a stone staircase leading down.
You see here a +2 pair of boots.
There is an escape hatch in the floor here.
Casting: Beastly Appendage (safe; 6% risk of failure)
Confirm with . or Enter, or press ? or * to list all spells.
One of your tentacles grows a vicious spike.
Crazy Yiuf shouts!
Casting: Beastly Appendage (safe; 6% risk of failure)
Confirm with . or Enter, or press ? or * to list all spells.
Your blood is infused with primal strength.
You open the door.
Crazy Yiuf drinks a potion.
Crazy Yiuf seems to speed up.
Crazy Yiuf hits you with a +4 quarterstaff of chaos!
You resist with some effort.
Crazy Yiuf yells, "Defame broken illywillydillykilly!"
Crazy Yiuf hits you with a +4 quarterstaff of chaos!
You feel very mighty all of a sudden.
There is an open translucent door, spattered with blood here.
You closely miss Crazy Yiuf. You grab Crazy Yiuf. You squeeze Crazy Yiuf!
Crazy Yiuf is heavily wounded.
You constrict Crazy Yiuf.
Crazy Yiuf flaps his cloak.
Crazy Yiuf hits you with a +4 quarterstaff of chaos!
You die...

###### #....#
#....##♣♣ ####
#.......♣♣ ♣♣#..)#
#........♣♣♣♣.@g..#
###.........♣..♣#...#
...........♣.♣♣♣ ####
.......##♣♣♣♣♣
#.####.# ..#
#.########## ..#
#..>.......# ..#
##..........# ..#
#...........#####


You could see Crazy Yiuf (fast).

Vanquished Creatures
  Jessica (D:2)
  2 adders (D:2)
  A worm (D:2)
  A dart slug (D:1)
  3 giant cockroaches
  4 hobgoblins (D:1)
  4 jackals (D:2)
  2 quokkas
  3 ball pythons
  A bat (D:1)
  A frilled lizard (D:1)
  5 goblins
  6 kobolds
  5 rats
39 creatures vanquished.

Notes
Turn   | Place    | Note
-------+----------+-------------------------------------------
     0 | D:1      | croobank the Octopode Transmuter began the quest for the
                  | Orb.
     0 | D:1      | Reached XP level 1. HP: 13/13 MP: 3/3
   292 | D:1      | Reached XP level 2. HP: 18/18 MP: 3/5
   565 | D:1      | Found a faded altar of an unknown god.
  1103 | D:1      | Reached skill level 1 in Stealth
  1236 | D:1      | Learned a level 2 spell: Wereblood
  1654 | D:2      | Reached XP level 3. HP: 23/23 MP: 4/6
  1764 | D:2      | Learned a level 3 spell: Spider Form
  1857 | D:2      | Reached skill level 1 in Short Blades
  2221 | D:2      | Noticed Jessica
  2260 | D:2      | Killed Jessica
  2261 | D:2      | Reached XP level 4. HP: 28/28 MP: 3/7
  2375 | D:2      | Found a runed translucent door.
  2376 | D:2      | Noticed Crazy Yiuf
  2748 | D:2      | Slain by Crazy Yiuf

Illustrated notes

Levels and vault maps discovered:
D:1:      dpeg_arrival_morbid_curiosity, layout_basic,
          ebering_ecumenical_altar_rust
D:2:      layout_rooms, grunt_ministairs_4,
          nicolae_concentric_dashed_squares_mild, uniq_crazy_yiuf_cottage,
          uniq_jessica

Skill      XL: |  1  2  3 |
---------------+----------+-----
Stealth        | 1 |  1.0
Short Blades   | 1 |  1.6
Fighting       | |  1.0
Dodging        | |  2.0
Unarmed Combat | |  3.5
Spellcasting   | |  2.6
Transmutations | |  2.9

Action                   |  1- 3 |  4- 6 || total
-------------------------+-------+-------++-------
Melee: Unarmed           |    13 |       ||    13
       Constrict         |    21 |     4 ||    25
       Kick              |    15 |     3 ||    18
       Tentacles         |     8 |     4 ||    12
       Short sword       |    56 |    12 ||    68
       Punch             |     1 |       ||     1
 Cast: Beastly Appendage |    20 |     2 ||    22
       Wereblood         |     1 |     1 ||     2
       Spider Form       |     1 |       ||     1
  Use: Scroll            |     3 |       ||     3
 Stab: Sleeping          |     8 |     1 ||     9
Armor: Skin              |     6 |       ||     6
Dodge: Dodged            |    32 |     4 ||    36

Table legend: (Time is in decaauts)
 A = Elapsed time spent in this place.
 B = Non-inter-level travel time spent in this place.
 C = Inter-level travel time spent in this place.
 D = Time resting spent in this place.
 E = Time spent auto-exploring this place.
 F = Levels seen in this place.
 G = Mean time per level.
                   A        B        C        D        E       F      G
               +--------+--------+--------+--------+--------+-----+--------+
         Total |   2727 |   2690 |     37 |    550 |   1741 |   2 | 1363.5 |
       Dungeon |   2727 |   2690 |     37 |    550 |   1741 |   2 | 1363.5 |
               +--------+--------+--------+--------+--------+-----+--------+

Top non-repeatable levels by time:
     D:1: 1616 daAuts
     D:2: 1110 daAuts
